 Dungeon Crawl Stone Soup version 0.22-a0-567-gff9aefc (webtiles) character file.

1715 Gildeon the Carver (level 9, -21/65 HPs)
             Began as a Human Fighter on June 29, 2018.
             Killed from afar by an orc (27 damage)
             ... with an exploding inner flame
             ... hexed by the player character
             ... on level 6 of the Dungeon.
             The game lasted 00:15:14 (4054 turns).

Gildeon the Carver (Human Fighter)                  Turns: 4054, Time: 00:15:15

Health: -21/65     AC: 19    Str: 19    XL:     9   Next: 24%
Magic:  9/9        EV:  5    Int:  8    God:
Gold:   126        SH: 10    Dex: 14    Spells: 8/8 levels left

rFire    . . .     SeeInvis .   a - +0 long sword
rCold    + + .     Gourm    .   s - +0 shield {rC+}
rNeg     . . .     Faith    .   h - +4 chain mail
rPois    +         Spirit   .   u - +2 hat
rElec    .         Reflect  .   t - +2 cloak {rPois}
rCorr    .         Harm     .   o - +0 pair of gloves
MR       .....                  (no boots)
Stlth    ..........             (no amulet)
HPRegen  0.20/turn              q - +3 ring of slaying
MPRegen  0.11/turn              n - ring of protection from cold

@: no status effects
A: no striking features
a: no special abilities


You were on level 6 of the Dungeon.
You were not hungry.

You visited 1 branch of the dungeon, and saw 6 of its levels.

You collected 126 gold pieces.

Inventory:

Hand Weapons
 a - a +0 long sword (weapon)
 e - a +0 short sword of electrocution
Missiles
 v - 3 tomahawks (quivered)
Armour
 h - a +4 chain mail (worn)
 j - a +0 plate armour
 o - a +0 pair of gloves (worn)
 s - a +0 shield of cold resistance (worn)
 t - a +2 cloak of poison resistance (worn)
 u - a +2 hat (worn)
Jewellery
 n - a ring of protection from cold (right hand)
 q - a +3 ring of slaying (left hand)
Wands
 b - a wand of random effects (25)
Scrolls
 d - 2 scrolls of identify
 l - a scroll of remove curse
Potions
 c - a potion of berserk rage {unknown}
 i - a potion of ambrosia {unknown}
 k - 2 potions of curing
 m - 3 potions of heal wounds {unknown}
 p - a potion of flight
 r - a potion of mutation {unknown}
 w - a potion of lignification {unknown}
Comestibles
 f - 9 rations
 g - a chunk of flesh


   Skills:
 + Level 3.9 Fighting
 * Level 9.8 Long Blades
 - Level 3.0 Armour
 - Level 6.0 Shields


You had 8 spell levels left.
You didn't know any spells.
Your spell library was empty.

Dungeon Overview and Level Annotations

Branches:
Dungeon (6/15)
 Temple: D:4-7

Altars:
Ashenzari
Dithmenos
Makhleb
Okawaru
Qazlal
Ru
Trog
Uskayaw


Message History

The orc hits you but does no damage. The wyvern skeleton bites you.
The scorpion barely misses you.
The orc wizard mumbles some strange words.
The orc wizard seems to speed up.
The ogre hits you with a giant club!
* * * LOW HITPOINT WARNING * * *
You block the orc's attack.
You see here a ration.
The centaur shoots an arrow.
You block the arrow.
An orc comes into view. It is wielding a short sword.
The centaur shoots an arrow.
The arrow hits you but does no damage.
The wyvern skeleton bites you but does no damage.
You see here 2 arrows.
The centaur shoots an arrow.
You block the arrow.
The orc priest miscasts a cantrip.
You block the orc wizard's attack.
You see here an arrow.
You slash the orc!
The orc explodes!
The fiery explosion engulfs you!
You die...

#.............................
#.............................
..............................
#............................
.........................
.....c...................
.........................
......§§§................
........@................
......§oZo...............
.....Ooso................
......oo.................
........a................
...o......?...........%..
...o.....................
.o.......................
.........................


You could see an ogre (inner flame), a centaur (inner flame), a scorpion (inner
flame), a worker ant (inner flame), an orc priest (inner flame), an orc wizard
(inner flame), 7 orcs and a wyvern skeleton (inner flame).

Vanquished Creatures
  A two-headed ogre (D:5)
  Edmund (D:5)
  Duvessa (D:5)
  A centaur (D:5)
  Dowan (D:5)
  3 scorpions
  A water moccasin skeleton (D:4)
  A howler monkey (D:5)
  A bullfrog zombie (D:5)
  3 orc priests
  A centaur skeleton (D:3)
  2 hounds (D:4)
  An orc wizard (D:5)
  2 iguanas
  3 worker ants
  A hound zombie (D:5)
  3 adders
  A shadow imp (D:5)
  4 oozes
  8 worms
  A dart slug (D:1)
  A leopard gecko (D:3)
  16 orcs
  2 ball pythons
  3 giant cockroaches (D:3)
  2 goblins
  9 hobgoblins
  6 kobolds
  A quokka (D:5)
  8 bats
  5 frilled lizards
  A jackal skeleton (D:4)
  A leopard gecko zombie (D:5)
  A quokka zombie (D:4)
  9 rats
106 creatures vanquished.

Notes
Turn   | Place    | Note
-------+----------+-------------------------------------------
     0 | D:1      | Gildeon the Human Fighter began the quest for the Orb.
     0 | D:1      | Reached XP level 1. HP: 18/18 MP: 1/1
   240 | D:1      | Reached XP level 2. HP: 20/24 MP: 2/2
   329 | D:1      | Reached skill level 3 in Long Blades
   434 | D:1      | Reached XP level 3. HP: 29/29 MP: 3/3
   995 | D:2      | Reached skill level 4 in Long Blades
   995 | D:2      | Reached XP level 4. HP: 34/35 MP: 4/4
  1790 | D:3      | Reached XP level 5. HP: 36/41 MP: 5/5
  1811 | D:3      | Reached skill level 5 in Long Blades
  2066 | D:3      | Found a burning altar of Makhleb.
  2159 | D:3      | Found a shadowy altar of Dithmenos.
  2490 | D:4      | Found a stormy altar of Qazlal.
  2490 | D:4      | Found a sacrificial altar of Ru.
  2564 | D:4      | Reached XP level 6. HP: 42/47 MP: 6/6
  2777 | D:4      | Reached skill level 6 in Long Blades
  2883 | D:4      | Reached XP level 7. HP: 46/52 MP: 7/7
  2971 | D:4      | Found a bloodstained altar of Trog.
  2974 | D:4      | Found a shattered altar of Ashenzari.
  3122 | D:5      | Entered Level 5 of the Dungeon
  3235 | D:5      | Reached skill level 7 in Long Blades
  3422 | D:5      | Reached XP level 8. HP: 52/58 MP: 8/8
  3633 | D:5      | Noticed a two-headed ogre
  3651 | D:5      | Killed a two-headed ogre
  3651 | D:5      | Reached skill level 9 in Long Blades
  3707 | D:5      | Noticed Edmund
  3720 | D:5      | Killed Edmund
  3720 | D:5      | Reached XP level 9. HP: 32/64 MP: 9/9
  3741 | D:5      | Noticed Duvessa
  3744 | D:5      | Noticed Dowan
  3755 | D:5      | Killed Duvessa
  3771 | D:5      | Killed Dowan
  3824 | D:5      | Found an iron altar of Okawaru.
  4008 | D:6      | Found a hide-covered altar of Uskayaw.
  4011 | D:6      | Noticed a hand axe
  4011 | D:6      | Noticed an enchanted dagger
  4054 | D:6      | Killed from afar by an orc

Vault maps used:
D:1:      elethiomel_arrival_maze
D:3:      lemuel_round_altar, first_ration, st_stairs_14,
          nicolae_dithmenos_shadow_blocks
D:4:      nicolae_overflow_hidden_temple
D:5:      lemuel_crystal_altar, uniq_edmund, uniq_duvessa
D:6:      dancing_weapons_uskayaw, portal_sewer_entry_b,
          nicolae_tso_swordbearing_angel

Skill      XL: |  1  2  3  4  5  6  7  8 |
---------------+-------------------------+-----
Long Blades    | 3 4 5 6 7 9 |  9.8
Shields        | 4 6 |  6.0
Fighting       | |  3.9
Armour         | |  3.0

Action                   |  1- 3 |  4- 6 |  7- 9 || total
-------------------------+-------+-------+-------++-------
Melee: Long sword        |    85 |   149 |   141 ||   375
Throw: Tomahawk          |       |     3 |     9 ||    12
  Use: Scroll            |       |    10 |     1 ||    11
       Potion            |       |       |     4 ||     4
  Eat: Chunk             |       |     7 |     4 ||    11
Armor: Scale mail        |    22 |       |       ||    22
       Chain mail        |    28 |    82 |    86 ||   196
Dodge: Dodged            |    17 |    17 |    24 ||    58
Block: Shield            |    26 |    65 |    80 ||   171
       Rpst.: Long sword |     5 |     6 |     6 ||    17

Table legend:
 A = Spawn XP
 B = Non-spawn XP
 C = Spawn XP percentage of total XP
 D = Spawn monster count
 E = Non-spawn monster count
 F = Spawn count percentage of total count
 G = Total turns spent on level
                    A         B        C        D         E        F      G
               +---------+---------+-------+---------+---------+-------+---------
         Total |       0 |    2451 |   0.0 |       0 |     106 |   0.0 |  4054
               +---------+---------+-------+---------+---------+-------+---------
           D:1 |       0 |      42 |   0.0 |       0 |      18 |   0.0 |   724
           D:2 |       0 |      44 |   0.0 |       0 |      21 |   0.0 |   974
           D:3 |       0 |     152 |   0.0 |       0 |      25 |   0.0 |   792
           D:4 |       0 |     372 |   0.0 |       0 |      18 |   0.0 |   745
           D:5 |       0 |    1737 |   0.0 |       0 |      22 |   0.0 |   725
           D:6 |       0 |     104 |   0.0 |       0 |       2 |   0.0 |    94
               +---------+---------+-------+---------+---------+-------+---------
